 Dungeon Crawl Stone Soup version 0.30-a0-634-g8abc85282e (webtiles) character file.

Game seed: 17856880278849018915

6181 Fenrisus the Thaumaturge (level 10, 0/68 HPs)
             Began as a Mummy Necromancer on Jan 14, 2023.
             Was an Initiate of Gozag.
             Slain by a merfolk
             ... wielding a +2 trident of venom
              (18 damage)
             ... on level 2 of the Lair of Beasts.
             The game lasted 01:20:16 (9258 turns).

Fenrisus the Thaumaturge (Mummy Necromancer)        Turns: 9258, Time: 01:20:17

Health: 0/68       AC:  9    Str: 13    XL:     10   Next: 60%
Magic:  17/26      EV: 13    Int: 18    God:    Gozag
Gold:   571        SH:  0    Dex: 12    Spells: 29/33 levels left

rFire   . . .      SeeInvis .    g - +1 scythe (flame)
rCold   + + .      Faith    +    (shield currently unavailable)
rNeg    + + +      Spirit   .    d - +2 robe {rC+ rF+}
rPois   ∞          Reflect  .    (no helmet)
rElec   .          Harm     .    (no cloak)
rCorr   .          Rampage  .    f - +2 pair of gloves
Will    +....                    e - +1 pair of boots
Stlth   +                        i - amulet of magic regeneration
HPRegen 0.31/turn                (no ring)
MPRegen 0.60/turn                (no ring)

@: very slow
A: cold resistance 1, negative energy resistance 3, torment resistance 2, heat
vulnerability 1, in touch with death 1, no potions, faith
a: Renounce Religion, Potion Petition, Call Merchant, Bribe Branch


You were on level 2 of the Lair of Beasts.
You worshipped Gozag.
Gozag was pleased with you.
You visited 3 branches of the dungeon, and saw 12 of its levels.

You collected 670 gold pieces.
You paid 99 gold pieces to Gozag.

Inventory:

Hand Weapons
 g - a +1 scythe of flaming (weapon)
Armour
 b - a +1 pair of boots
 d - a +2 robe of resistance (worn)
 e - a +1 pair of boots (worn)
 f - a +2 pair of gloves (worn)
 j - a +1 robe of willpower
Jewellery
 i - an amulet of magic regeneration (around neck)
Scrolls
 a - a scroll of enchant armour
 c - a scroll of amnesia
 h - a scroll of brand weapon
 k - a scroll of fear {unknown}
 l - 2 scrolls of identify
 m - 2 scrolls of teleportation
 n - a scroll of immolation {unknown}


   Skills:
 + Level 2.7 Fighting
 - Level 3.1 Polearms
 + Level 4.5 Dodging
 + Level 2.9 Stealth
 + Level 0.3 Unarmed Combat
 + Level 12.1 Spellcasting
 + Level 10.7 Necromancy
 + Level 1.2 Evocations


You had 29 spell levels left.
You knew the following spells:

 Your Spells              Type           Power      Damage    Failure   Level
a - Necrotise             Necr           100%       1d9       1%          1
b - Vampiric Draining     Necr           65%        2d10      1%          3

Your spell library contained the following spells:

 Spells                   Type           Power      Damage    Failure   Level
 Agony                    Necr           65%        N/A       2%          5
 Ensorcelled Hibernation  Hex/Ice        20%        N/A       10%         2
 Passwall                 Tmut/Erth      8%         N/A       10%         2
 Swiftness                Air            10%        N/A       19%         3
 Animate Dead             Necr           Unusable   N/A       N/A         4

Dungeon Overview and Level Annotations

Branches:
Dungeon (9/15)             Temple (1/1) D:7            Lair (2/5) D:9
  Swamp: Lair:2-3    Shoals: Lair:2-3     Snake: Lair:2-3    Spider: Lair:2-3
    Orc: D:9-12

Altars:
Ashenzari
Cheibriados
Dithmenos
Fedhas
Gozag
Hepliaklqana
Kikubaaqudgha
Makhleb
Nemelex Xobeh
Okawaru
Qazlal
Ru
Sif Muna
Trog
Uskayaw
Vehumet
Wu Jian
Xom
Yredelemnul

Shops:
D:7 [


Innate Abilities, Weirdness & Mutations

You are immune to poison.
Your flesh is cold resistant. (rC+)
You are immune to negative energy. (rN+++)
You are immune to unholy pain and torment.
You are vulnerable to heat. (rF-)
You are in touch with the powers of death.
You do not drink.
You have a special connection with the divine. (Faith)


Message History

You enter the shallow water.
Moving in this stuff is going to be slow.
The merfolk hits you with a +2 trident of venom!!
Casting: Vampiric Draining (safe; 1% risk of failure)
Confirm with . or Enter, or press ? or * to list all spells.
Aiming: Vampiric Draining (safe; 1% risk of failure)
Press: ? - help, Shift-Dir - straight line, f - merfolk
Aim: a merfolk, wielding a +2 trident of venom and quivering boomerangs You feel a surge of power!
You draw life force from the merfolk!
You feel life coursing into your body!
The merfolk hits you with a +2 trident of venom.
The merfolk barely misses you.
Unknown command.
Casting: Vampiric Draining (safe; 1% risk of failure)
Confirm with . or Enter, or press ? or * to list all spells.
Aiming: Vampiric Draining (safe; 1% risk of failure)
Press: ? - help, Shift-Dir - straight line, f/p - merfolk
Aim: a merfolk, wielding a +2 trident of venom and quivering boomerangs (moderately wounded)
You feel a surge of power!
You draw life force from the merfolk!
You feel life coursing into your body.
The merfolk hits you with a +2 trident of venom!
Casting: Vampiric Draining (safe; 1% risk of failure)
Confirm with . or Enter, or press ? or * to list all spells.
Aiming: Vampiric Draining (safe; 1% risk of failure)
Press: ? - help, Shift-Dir - straight line, f/p - merfolk
Aim: a merfolk, wielding a +2 trident of venom and quivering boomerangs (heavily wounded)
You feel a surge of power!
You draw life force from the merfolk.
You feel life coursing into your body.
The merfolk hits you with a +2 trident of venom!
* * * LOW HITPOINT WARNING * * *
Casting: Vampiric Draining (safe; 1% risk of failure)
Confirm with . or Enter, or press ? or * to list all spells.
Aiming: Vampiric Draining (safe; 1% risk of failure)
Press: ? - help, Shift-Dir - straight line, f/p - merfolk
Aim: a merfolk, wielding a +2 trident of venom and quivering boomerangs (heavily wounded)
You feel a surge of power!
You draw life force from the merfolk!
You feel life coursing into your body!
The merfolk hits you with a +2 trident of venom!!
You die...
Your body crumbles into a pile of gold.

...#.#..#P....##.##..#.P.
..............###...###..
.. #...........# .... #.
...##....#............ .
.........#....##......
...##...##....##.+#.P. ..
#.....###### . .
#..'###~~≈~~ #
.......#@≈~# .......#~m~#
.......#~~~# .....).#####
......[ ....#.. P(..
...###. ((... ...........


You could see a merfolk.

Vanquished Creatures
  A two-headed ogre (D:8)
  2 cane toads
  A rime drake (D:9)
  A hornet (Lair:2)
  Sigmund (D:2)
  2 yaks
  A steam dragon (D:8)
  2 water moccasins
  2 ice beasts
  2 orc warriors (D:7)
  5 black bears
  An ogre (D:4)
  4 wolves (Lair:1)
  2 centaurs
  2 phantoms (D:5)
  3 kobold brigands
  5 bullfrogs
  6 scorpions
  4 necrophages (D:5)
  A water moccasin zombie (D:5)
  8 wights
  A howler monkey (D:9)
  2 jellies
  2 orc priests (D:4)
  5 hounds
  7 orc wizards
  A howler monkey zombie (D:5)
  A gnoll (D:2)
  8 adders
  An adder zombie (D:5)
  2 dart slugs
  16 orcs
  9 ball pythons
  5 bats
  4 endoplasms
  3 giant cockroaches
  6 goblins
  4 hobgoblins
  8 jackals
  17 kobolds
  3 quokkas
  3 frilled lizards (D:1)
  6 rats
170 creatures vanquished.

Vanquished Creatures (collateral kills)
  2 gnolls (D:2)
  2 worms
  An orc (D:7)
  2 endoplasms
  A jackal (D:1)
  A kobold (D:1)
  A bat (D:1)
10 creatures vanquished.

Vanquished Creatures (others)
  An orc wizard (D:5)
  2 bushes (D:5)
  4 fungi
  14 plants
21 creatures vanquished.

Grand Total: 201 creatures vanquished

Notes
Turn   | Place    | Note
-------+----------+-------------------------------------------
     0 | D:1      | Fenrisus the Mummy Necromancer began the quest for the Orb.
     0 | D:1      | Reached XP level 1. HP: 13/13 MP: 4/4
   355 | D:1      | Reached XP level 2. HP: 19/19 MP: 2/5
   487 | D:1      | Reached skill level 3 in Spellcasting
   610 | D:1      | Found a faded altar of an unknown god.
   671 | D:2      | Noticed Sigmund
   731 | D:2      | Found a sacrificial altar of Ru.
   759 | D:2      | Gained mutation: You are in touch with the powers of death.
                  | [Mummy growth]
   759 | D:2      | Reached XP level 3. HP: 24/24 MP: 3/7
  1406 | D:2      | Killed Sigmund
  1407 | D:2      | Reached skill level 4 in Spellcasting
  1407 | D:2      | Reached skill level 5 in Necromancy
  1407 | D:2      | Reached XP level 4. HP: 30/30 MP: 1/10
  1407 | D:2      | Reached XP level 5. HP: 35/35 MP: 1/12
  1837 | D:3      | Reached skill level 5 in Spellcasting
  2007 | D:3      | Found a shadowy altar of Dithmenos.
  2007 | D:3      | Found a stormy altar of Qazlal.
  2048 | D:3      | Reached XP level 6. HP: 42/42 MP: 11/13
  2306 | D:3      | Found a burning altar of Makhleb.
  2312 | D:3      | Noticed an angel
  2312 | D:3      | Noticed a balrug
  2943 | D:4      | Reached skill level 6 in Spellcasting
  3070 | D:4      | Reached XP level 7. HP: 44/47 MP: 16/16
  3412 | D:5      | Entered Level 5 of the Dungeon
  3525 | D:5      | Reached skill level 7 in Spellcasting
  3999 | D:5      | Reached skill level 1 in Fighting
  3999 | D:5      | Reached XP level 8. HP: 38/54 MP: 17/19
  4105 | D:5      | Learned a level 3 spell: Vampiric Draining
  4228 | D:5      | Reached skill level 8 in Spellcasting
  4280 | D:5      | Reached skill level 1 in Polearms
  4475 | D:5      | Found a blossoming altar of Fedhas.
  5772 | D:7      | Reached XP level 9. HP: 59/59 MP: 19/21
  5849 | D:7      | Reached skill level 9 in Spellcasting
  5976 | D:7      | Found Gewnedam's Antique Armour Shop.
  6481 | D:7      | Found a staircase to the Ecumenical Temple.
  6597 | Temple   | Entered the Ecumenical Temple
  6666 | Temple   | Became a worshipper of Gozag Ym Sagoz the Greedy
  6723 | D:7      | Found an ancient bone altar of Kikubaaqudgha.
  6724 | D:7      | Found a radiant altar of Vehumet.
  6726 | D:7      | Found a shimmering blue altar of Sif Muna.
  7753 | D:8      | Reached skill level 10 in Spellcasting
  8099 | D:9      | Found a basalt altar of Yredelemnul.
  8099 | D:9      | Found a hide-covered altar of Uskayaw.
  8100 | D:9      | Found a bloodstained altar of Trog.
  8100 | D:9      | Found a sacrificial altar of Ru.
  8100 | D:9      | Found an ornate altar of the Wu Jian Council.
  8124 | D:9      | Noticed a two-headed ogre
  8203 | D:9      | Noticed a rime drake
  8267 | D:8      | Killed a two-headed ogre
  8268 | D:8      | Reached skill level 1 in Evocations
  8268 | D:8      | Reached XP level 10. HP: 56/68 MP: 18/24
  8419 | D:9      | Reached skill level 10 in Necromancy
  8488 | D:9      | Found a staircase to the Lair.
  8515 | Lair:1   | Entered Level 1 of the Lair of Beasts
  8667 | Lair:1   | Reached skill level 11 in Spellcasting
  8824 | Lair:1   | Noticed a cane toad
  8931 | Lair:1   | Noticed a cane toad
  8950 | Lair:2   | Noticed a cane toad
  8959 | Lair:2   | Killed a cane toad
  9097 | Lair:1   | Killed a cane toad
  9132 | Lair:2   | Reached skill level 12 in Spellcasting
  9154 | Lair:2   | Noticed a death yak
  9154 | Lair:2   | Noticed a death yak
  9258 | Lair:2   | Slain by a merfolk

Illustrated notes

Levels and vault maps discovered:
D:1:      lightli_arrival_statue_moat, layout_basic,
          ebering_ecumenical_altar_abandoned, minmay_hedge_maze
D:2:      layout_loops_ring, basic_altar, minmay_misc_feat_rows,
          minmay_close_crescents, uniq_sigmund
D:3:      layout_rooms, grunt_temple_overflow_order_and_chaos_2,
          gammafunk_temple_overflow_elements, serial_curves, eino_curves_01,
          eino_curves_01
D:4:      layout_loops_corners
D:5:      layout_loops_ring, fedhas_altar_decomposition,
          chequers_serial_rivers_micro_d, st_stairs_13, palyth_stone_intersect,
          minmay_crossroads
D:6:      layout_cave_pools
D:7:      layout_loops_ring, grunt_temple_overflow_magic_moments,
          minmay_temple_entry_waves, serial_shops, shop, kennysheep_nondescript
D:8:      nicolae_cairo_tiling_very_big, layout_basic
D:9:      layout_cave_pools, grunt_temple_overflow_open,
          hellmonk_lair_entry_icy, minmay_fractal_squares_gapless_7
Temple:   dpeg_three_leaves_temple
Lair:1:   layout_big_grid, beast_lair_carwin_11, serial_bayou_shore_a,
          uniq_joseph
Lair:2:   layout_regular_city, elwin_shoals_entry_rooms,
          nicolae_spider_entry_non_spiders, chequers_serial_rivers_room_a,
          patterned_corridor, grunt_megastairs_2, lemuel_fruit_tree

Skill      XL: |  1  2  3  4  5  6  7  8  9 10 |
---------------+-------------------------------+-----
Spellcasting   | 3 4 5 6 7 8 10 12 | 12.1
Necromancy     | 5 6 7 8 9 10 | 10.7
Dodging        | 2 3 4 |  4.5
Stealth        | 2 |  2.9
Fighting       | 1 2 |  2.7
Polearms       | 2 3 |  3.1
Evocations     | 1 |  1.2
Unarmed Combat | |  0.3

Action                   |  1- 3 |  4- 6 |  7- 9 | 10-12 || total
-------------------------+-------+-------+-------+-------++-------
Melee: Unarmed           |    11 |       |       |       ||    11
       Halberd           |       |    15 |   155 |    35 ||   205
 Cast: Necrotise         |    42 |   102 |   121 |    18 ||   283
       Vampiric Draining |       |       |    40 |    53 ||    93
Evoke: Wand              |       |       |    17 |       ||    17
  Use: Scroll            |     5 |     1 |    12 |     2 ||    20
 Stab: Sleeping          |       |       |     2 |       ||     2
       Distracted        |       |       |     1 |     1 ||     2
Armor: Robe              |     5 |    31 |   136 |    43 ||   215
Dodge: Dodged            |    17 |    20 |   225 |    99 ||   361

Table legend: (Time is in decaauts)
 A = Elapsed time spent in this place.
 B = Non-inter-level travel time spent in this place.
 C = Inter-level travel time spent in this place.
 D = Time resting spent in this place.
 E = Time spent auto-exploring this place.
 F = Levels seen in this place.
 G = Mean time per level.
                   A        B        C        D        E       F      G
               +--------+--------+--------+--------+--------+-----+--------+
         Total |   9353 |   3572 |   5781 |   1628 |      0 |  12 |  779.4 |
       Dungeon |   8517 |   3016 |   5501 |   1284 |      0 |   9 |  946.3 |
        Temple |     84 |      2 |     82 |      0 |      0 |   1 |   84.0 |
          Lair |    750 |    552 |    198 |    344 |      0 |   2 |  375.0 |
               +--------+--------+--------+--------+--------+-----+--------+

Top non-repeatable levels by time:
     D:5: 1837 daAuts
     D:7: 1280 daAuts
     D:8: 1233 daAuts
     D:4: 1132 daAuts
     D:2: 961 daAuts
     D:1: 872 daAuts
     D:3: 701 daAuts
  Lair:1: 462 daAuts
  Lair:2: 287 daAuts
     D:6: 271 daAuts
     D:9: 227 daAuts
  Temple: 84 daAuts
